 Dungeon Crawl Stone Soup version 0.20.0-15-g7f486f2 (webtiles) character file.

262 Chiseanne the Magician (level 5, 35/35 HPs)
             Began as a Demonspawn Wizard on June 15, 2017.
             Quit the game on level 2 of the Dungeon.
             The game lasted 00:04:43 (2400 turns).

Chiseanne the Magician (Demonspawn Wizard)          Turns: 2400, Time: 00:04:44

Health: 35/35      AC: 14    Str:  8    XL:     5   Next: 97%
Magic:  1/12       EV: 12    Int: 20    God:
Gold:   80         SH:  0    Dex: 11    Spells: 4/13 levels left

rFire    . . .     SeeInvis .   e - +2 mace (protect)
rCold    . . .     Gourm    .   (no shield)
rNeg     . . .     Faith    .   a - +0 robe
rPois    .         Spirit   .   c - +0 helmet (curse)
rElec    .         Reflect  .   u - +0 cloak
rCorr    .         Harm     .   (no gloves)
MR       .....                  (no boots)
Stlth    +.........             (no amulet)
Regen    0.2/turn               (no ring)
MPRegen  0.2/turn               (no ring)

@: protection aura, very slightly contaminated
A: hooves 1, slimy green scales 2, spiny 1
a: no special abilities


You were on level 2 of the Dungeon.
You were not hungry.

You visited 1 branch of the dungeon, and saw 2 of its levels.

You collected 80 gold pieces.

Inventory:

Hand Weapons
 e - a +2 mace of protection (weapon)
Missiles
 g - 56 arrows
 l - 71 stones (quivered)
 m - 21 sling bullets
 p - a throwing net
 r - 12 poisoned needles
Armour
 a - a +0 robe (worn)
 b - a +0 hat
 c - a cursed +0 helmet (worn)
 u - a +0 cloak (worn)
Scrolls
 i - a scroll of teleportation {unknown}
 j - a scroll of fog {unknown}
 n - a scroll of magic mapping {unknown}
 o - 2 scrolls of identify {unknown}
 t - a scroll of recharging {unknown}
Potions
 f - 2 potions of curing
 k - a potion of degeneration {unknown}
 s - a potion of brilliance {unknown}
 v - a potion of lignification {unknown}
Comestibles
 d - a bread ration
 h - a royal jelly
 q - a chunk of flesh


   Skills:
 - Level 1.7 Dodging
 - Level 1.7 Stealth
 * Level 4.8 Spellcasting
 * Level 4.3 Conjurations
   Level 1.0 Summonings
 - Level 0.8 Translocations


You had 4 spell levels left.
You knew the following spells:

 Your Spells              Type           Power        Failure   Level  Hunger
a - Magic Dart            Conj           ###.         1%          1    None
b - Blink                 Tloc           N/A          13%         2    #......
c - Conjure Flame         Conj/Fire      ##......     14%         3    ##.....
d - Mephitic Cloud        Conj/Pois/Air  ##......     21%         3    ##.....


Dungeon Overview and Level Annotations

Branches:
Dungeon (2/15)

Altars:


Innate Abilities, Weirdness & Mutations

You have large cloven feet.
You are mostly covered in slimy green scales. (AC +3)
You are partially covered in sharp spines.


Message History

You don't have enough magic to cast that spell.
Sigmund suddenly looks very angry at the Dungeon.
Sigmund hits himself but does no damage.
Found a spear.
Sigmund cries.
You see here 21 arrows.
You barely miss Sigmund.
Sigmund is severely wounded.
You sock Sigmund!
Your weapon exudes an aura of protection.
Sigmund is almost dead.
Sigmund grins madly.
Some of the chunks of flesh in your inventory have rotted away.
You hit Sigmund.
You kill Sigmund!
Your Conjurations skill increases to level 4!
You have reached level 5!
Your demonic ancestry asserts itself...
Your feet thicken and deform.
Are you sure you want to abandon this character and quit the game? (Confirm with "yes".)

#..........#
#........).#
#..........#
#..........# #.
#..........#
#.##.....†....#
#.#.....<.)...#
###........@....#
............[...#
####......$....#
#..##########
#..# ###.###
###.....# #
###...###.# ##
#..........#


There were no monsters in sight!

Vanquished Creatures
  Sigmund (D:2)
  Robin (D:1)
  4 adders (D:2)
  A worm (D:1)
  2 dart slugs
  A leopard gecko (D:2)
  A ball python (D:2)
  3 giant cockroaches
  8 goblins
  9 hobgoblins (D:2)
  7 jackals (D:1)
  3 kobolds
  2 bats
  3 frilled lizards
  5 rats
51 creatures vanquished.

Notes
Turn   | Place    | Note
-------+----------+-------------------------------------------
     0 | D:1      | Chiseanne the Demonspawn Wizard began the quest for the Orb.
     0 | D:1      | Reached XP level 1. HP: 13/13 MP: 4/4
   510 | D:1      | Gained mutation: You are partially covered in slimy green scales. (AC +2) [demonic ancestry]
   510 | D:1      | Reached XP level 2. HP: 15/19 MP: 0/6
  1187 | D:2      | Gained mutation: You are mostly covered in slimy green scales. (AC +3) [demonic ancestry]
  1187 | D:2      | Reached XP level 3. HP: 20/24 MP: 1/7
  1287 | D:2      | Noticed Robin
  1421 | D:1      | Learned a level 2 spell: Blink
  1425 | D:1      | Learned a level 3 spell: Conjure Flame
  1429 | D:1      | Learned a level 3 spell: Mephitic Cloud
  1613 | D:1      | Killed Robin
  1899 | D:2      | Gained mutation: You are partially covered in sharp spines. [demonic ancestry]
  1899 | D:2      | Reached XP level 4. HP: 30/30 MP: 2/9
  2382 | D:2      | Noticed Sigmund
  2399 | D:2      | Killed Sigmund
  2399 | D:2      | Gained mutation: You have large cloven feet. [demonic ancestry]
  2399 | D:2      | Reached XP level 5. HP: 35/35 MP: 1/12
  2400 | D:2      | Quit the game

Skill      XL: |  1  2  3  4 |
---------------+-------------+-----
Conjurations   | 2 3 4 |  4.3
Spellcasting   | 4 |  4.8
Dodging        | |  1.7
Stealth        | |  1.7
Summonings     | |  1.0
Translocations | |  0.8

Action                   |  1- 3 |  4- 6 || total
-------------------------+-------+-------++-------
Melee: Mace              |    58 |     4 ||    62
       Dagger            |     3 |       ||     3
 Cast: Magic Dart        |    95 |    40 ||   135
       Conjure Flame     |     1 |       ||     1
       Blink             |     1 |       ||     1
       Mephitic Cloud    |       |     1 ||     1
  Use: Potion            |     2 |       ||     2
  Eat: Chunk             |     3 |     2 ||     5
Armor: Robe              |    24 |     3 ||    27
Dodge: Dodged            |    59 |     5 ||    64
